 Dungeon Crawl Stone Soup version 0.32-a0-540-g866d13106e (console) character file.

Game seed: 11969537742861680387

48 zenocrate the Ruffian (level 3, -2/29 HPs)
             Began as a Draconian Shapeshifter on Feb 28, 2024.
             Slain by a gnoll
             ... wielding a +2 whip of venom
              (10 damage)
             ... on level 2 of the Dungeon.
             The game lasted 00:01:11 (1082 turns).

zenocrate the Ruffian (Draconian Shapeshifter)      Turns: 1082, Time: 00:01:12

Health: -2/29      AC:  5    Str: 16    XL:     3   Next: 50%
Magic:  3/3        EV: 12    Int: 10    God:
Gold:   94         SH:  0    Dex: 12    Spells: 2/2 levels left

rFire   . .          .
                       - Unarmed
rCold   . . .        (no shield)
rNeg    . . .        (body armour unavailable)
rPois   .            (helmet currently unavailable)
rElec   .            (cloak currently unavailable)
rCorr   .            (gloves currently unavailable)
SInv    .            (boots currently unavailable)
Will    .....        (no amulet)
Stlth   +            (no ring)
HPRegen 0.24/turn    (no ring)
MPRegen 0.08/turn

%: no passive effects
@: beast-form, slowed, very slow
A: beast (slay +1), AC +5, unfitting armour, cold-blooded
a: Begin Untransformation


You were on level 2 of the Dungeon.
You were a hulking beast.
You visited 1 branch of the dungeon, and saw 2 of its levels.

You collected 94 gold pieces.

Inventory:

Missiles
 d - 3 poisoned darts (quivered)
 h - 6 atropa-tipped darts
Talismans
 b - a beast talisman (active)
 c - a flux talisman
Wands
 k - a wand of quicksilver (12)
Scrolls
 e - 2 scrolls of enchant armour {unknown}
 f - a scroll of amnesia {unknown}
 g - a scroll of identify {unknown}
 i - a scroll of fog {unknown}
Potions
 a - a potion of lignification
 j - a potion of mutation {unknown}


   Skills:
 + Level 1.9 Fighting
 * Level 2.3 Dodging
 + Level 3.6 Unarmed Combat
 + Level 3.2 Shapeshifting


You had 2 spell levels left.
You didn't know any spells.
Your spell library contained the following spells:

 Spells                   Type           Power      Damage    Failure   Level
 Apportation              Tloc           0%         N/A       36%         1
 Necrotise                Necr           0%         1d4       36%         1
 Sting                    Conj/Alch      0%         1d3       36%         1
 Summon Small Mammal      Summ           0%         N/A       36%         1
 Cigotuvi's Dreadful Rot  Necr/Alch/Air  0%         N/A       50%         2
 Mercury Vapours          Alch/Air       0%         N/A       50%         2
 Inner Flame              Hex/Fire       0%         N/A       75%         3
 Mephitic Cloud           Conj/Alch/Air  0%         N/A       75%         3
 Dispel Undead            Necr           0%         3d6       98%         4
 Flame Wave               Conj/Fire      0%         2d4       98%         4
 Martyr's Knell           Necr/Summ      0%         N/A       98%         4
 Sticky Flame             Fire/Alch      0%         2d4       98%         4
 Freezing Cloud           Conj/Ice/Air   0%         6-21      100%        5
 Death Channel            Necr           0%         N/A       100%        6


Dungeon Overview and Level Annotations

Branches:
Dungeon (2/15)

Altars:

Annotations:
D:1 2 transporters


Innate Abilities, Weirdness & Mutations

You are a hulking beast.
Your limbs bulge with bestial killing power. (Slay +1)
Your plain brown scales are hard. (AC +5)
You cannot fit into any form of body armour.
You are cold-blooded and may be slowed by cold attacks.


Message History

You see here a +0 club.
Found a leather armour.
You see here a +0 leather armour.
Found a stone staircase leading down.
No target in view!
No target in view!
No target in view!
No target in view! 2 gnolls come into view.
A gnoll is wielding a +0 club and quivering a throwing net.
Found 12 gold pieces.
A gnoll comes into view. It is wielding a +0 whip.
The gnoll shouts! x2
A gnoll comes into view. It is wielding a +2 whip of venom.
There are monsters nearby!
An endoplasm comes into view.
The gnoll shouts!
The endoplasm quivers.
There are monsters nearby!
The gnoll barely misses you.
You hit the gnoll. You tail-slap the gnoll.
The gnoll is almost dead.
The gnoll closely misses you. The gnoll barely misses you.
The endoplasm hits you. The gnoll attacks as it pursues you!
The gnoll closely misses you.
The gnoll throws a throwing net.
The throwing net hits you.
You become entangled in the net!
You see here a throwing net.
You struggle against the net.
The endoplasm freezes you.
You are frozen.
You struggle against the net.
The gnoll barely misses you. The endoplasm barely misses you.
You struggle against the net.
The gnoll barely misses you. The gnoll hits you with a +0 whip.
The endoplasm freezes you.
You are frozen.
You feel yourself slow down.
Unknown command.
You shred the net and break free!
The gnoll hits you with a +2 whip of venom!
* * * LOW HITPOINT WARNING * * *
The gnoll closely misses you. The endoplasm barely misses you.
The gnoll hits you with a +2 whip of venom!
You die...

############ #..........#
.# #.########.### ..
#.[.....##...#...
#######.####.#..# #.
...#.#....##.# ###
######.###.#.#.#.)...###..
#.......gg...#.........<..
#......gJh>#..............
#......g#######...........
#........ ...............>
#.......######............
#...$...# #............
#.......# #............
#.......# #............
#.......# ##...........
##########.. ###


You could see 4 gnolls and an endoplasm.

Vanquished Creatures
  An adder (D:2)
  A dart slug (D:1)
  3 ball pythons
  3 bats (D:1)
  6 endoplasms
  2 giant cockroaches
  4 goblins
  2 hobgoblins
  2 kobolds
  3 quokkas
  3 frilled lizards (D:1)
  5 rats (D:1)
35 creatures vanquished.

Notes
Turn   | Place    | Note
-------+----------+-------------------------------------------
     0 | D:1      | zenocrate the Draconian Shapeshifter began the quest for
                  | the Orb.
     0 | D:1      | Reached XP level 1. HP: 16/16 MP: 1/1
   145 | D:1      | Reached XP level 2. HP: 18/23 MP: 2/2
   683 | D:1      | Reached XP level 3. HP: 24/29 MP: 3/3
  1082 | D:2      | Slain by a gnoll

Illustrated notes

Levels and vault maps discovered:
D:1:      spicycebolla_arrival_transporter_tutorial, layout_loops_ring
D:2:      layout_basic, basic_altar

Skill      XL: |  1  2 |
---------------+-------+-----
Dodging        | 2 |  2.3
Fighting       | |  1.9
Unarmed Combat | |  3.6
Shapeshifting  | |  3.2

Action                     || total
---------------------------++-------
  Melee: Unarmed           ||    90
         Tailslap          ||     9
         Punch             ||     3
 Armour: Skin              ||    46
  Dodge: Dodged            ||    62

Table legend: (Time is in decaauts)
 A = Elapsed time spent in this place.
 B = Non-inter-level travel time spent in this place.
 C = Inter-level travel time spent in this place.
 D = Time resting spent in this place.
 E = Time spent auto-exploring this place.
 F = Levels seen in this place.
 G = Mean time per level.
                   A        B        C        D        E       F      G
               +--------+--------+--------+--------+--------+-----+--------+
         Total |   1079 |   1027 |     52 |      0 |    799 |   2 |  539.5 |
       Dungeon |   1079 |   1027 |     52 |      0 |    799 |   2 |  539.5 |
               +--------+--------+--------+--------+--------+-----+--------+

Top non-repeatable levels by time:
     D:1: 895 daAuts
     D:2: 184 daAuts
